 Dungeon Sprint DCSS version 0.30.1-3-gfc49f6343a (webtiles) character file.

Game seed: 14993239957967131965

7400000 Revguard the Blood Saint (level 27, -19/230 (249) HPs)
             Began as a Demonspawn Gladiator on July 28, 2023.
             Was the Champion of Makhleb.
             Killed from afar by a wretched soul (55 damage)
             ... with a bolt of negative energy
             ... in the Dungeon (Sprint VIII: "Arena of Blood").
             The game lasted 00:08:05 (74 turns).

Revguard the Blood Saint (Demonspawn Gladiator)       Turns: 74, Time: 00:08:07

HP:   -19/230 (249) AC:  8    Str: 17    XL:     27
MP:   15/50         EV: 37    Int: 11    God:    Makhleb [******]
Gold: 0             SH:  8    Dex: 25    Spells: 73/73 levels left

rFire   . . .        l - +∞ Axe of Woe
rCold   . . .        (shield currently unavailable)
rNeg    . . .        b - +0 leather armour
rPois   .            c - +0 helmet
rElec   .            (no cloak)
rCorr   .            (gloves unavailable)
SInv    .            (no boots)
Will    ++...        (no amulet)
Stlth   ++++++++++   (no ring)
HPRegen 0.58/turn    (no ring)
MPRegen 0.32/turn

%: no teleportation
@: slowed, drained, very slow
A: claws 3, large bone plates 3, demonic guardian 3, spiny 3, black mark,
bedeviling, aura of silence
a: Renounce Religion, Minor Destruction, Lesser Servant of Makhleb, Major
Destruction, Greater Servant of Makhleb


You were in the Dungeon.
You worshipped Makhleb.
Makhleb was exalted by your worship.
You visited 1 branch

Inventory:

Hand Weapons
 a - a +0 war axe
 l - the +∞ Axe of Woe (weapon)
   (You found it in the Dungeon)
Missiles
 d - 3 throwing nets (quivered)
 e - a javelin
Armour
 b - a +0 leather armour (worn)
 c - a +0 helmet (worn)
Scrolls
 k - a scroll of blinking
Potions
 f - a potion of curing
 g - a potion of heal wounds
 h - a potion of haste
 i - 2 potions of magic
 j - a potion of berserk rage


   Skills:
 O Level 27 Fighting
 + Level 23.8(27) Short Blades
 + Level 23.8(27) Long Blades
 O Level 27 Axes
 + Level 23.7 Staves
 + Level 23.6 Ranged Weapons
 + Level 23.8 Throwing
 O Level 27 Armour
 O Level 27 Dodging
 O Level 27 Stealth
 O Level 27 Shields
 O Level 27 Unarmed Combat
 + Level 23.8 Spellcasting
 + Level 25.5 Conjurations
 + Level 25.6 Hexes
 + Level 25.6 Summonings
 O Level 27 Necromancy
 + Level 23.6 Translocations
 + Level 23.8 Transmutations
 + Level 23.8 Fire Magic
 + Level 23.8 Ice Magic
 + Level 23.6 Air Magic
 + Level 23.6 Earth Magic
 + Level 25.5 Poison Magic
 O Level 27 Invocations
 + Level 25.5 Evocations


You had 73 spell levels left.
You didn't know any spells.
Your spell library was empty.

Dungeon Overview and Level Annotations

Branches:
Dungeon (1/1)

Altars:
Makhleb


Innate Abilities, Weirdness & Mutations

You have claws for hands.
You are completely covered in large bone plates. (SH +8)
A powerful demonic guardian rushes to your aid.
You are completely covered in sharp spines.
Your melee attacks may debilitate your foes.
Your hexes are more powerful.
You are surrounded by an aura of silence.


Message History

You hear a shout! x3
You slice the meat berserker!!
You hew the meat berserker savagely.
You kill the meat berserker!
Makhleb accepts your kill.
You feel better.
You slash the bag of meat!
You pulverise the bag of meat into a thin bloody mist.
You kill the bag of meat!
Makhleb accepts your kill.
You feel better.
You slash the meat berserker!
You pulverise the meat berserker into a thin bloody mist.
You kill the meat berserker!
Makhleb accepts your kill.
You hear a shout! x10
The dread calls on the powers of darkness!
The bag of meat convulses!
The large bag of meat convulses!
Flame seeps out of the large bag of meat.
Your body is wracked with pain!
* * * LOW HITPOINT WARNING * * *
You hear a shout! x5
Unknown command.
You slice the dread!!
You fatally mangle the dread.
You destroy the dread!
Makhleb accepts your kill.
You feel better.
You hear a shout! x2
A sculptor of flesh comes into view. It is wielding a +9 great sword.
You hear a shout!
The large bag of meat is engulfed in blazing flames.
The dread calls on the powers of darkness!
The large bag of meat convulses!
Flame seeps out of the large bag of meat.
Your body is wracked with pain!
* * * LOW HITPOINT WARNING * * *
You hear a shout! x4
A bag of meat comes into view. It is wielding a +9 war axe.
You hear a shout! x3
A bolt of negative energy appears from out of thin air!
Deactivating autopickup; reactivate with Ctrl-A.
The bolt of negative energy hits you!!!
You feel drained.
You die...

.. .... .. ...
#. ..# #.. ..# .
.###.. ..###..
....{.###.......
......§_))......
....#.☼)))#§...
. #_)@)_# .
#.))).#
....._..oWz
......###...O°o
.###.. ..###.
#.. ..# #.. ..#
.. ..


You could see a sculptor of flesh, a large bag of meat (inner flame), a dread
and 2 bags of meat.

Vanquished Creatures
  Sigmund (D)
  A royal mummy (D)
  A wraith (D)
  Harold (D)
  11 vampire knights (D)
  34 ogres (D)
  6 two-headed ogres (D)
  7 liches (D)
  33 orcs (D)
  2 skeletal warriors (D)
97 creatures vanquished.

Notes
Turn   | Place    | Note
-------+----------+-------------------------------------------
     0 | D        | Found the +∞ Axe of Woe
     0 | D        | Revguard the Demonspawn Gladiator began the quest for the
                  | Orb.
     0 | D        | Reached XP level 1. HP: 16/16 MP: 1/1
     1 | D        | Noticed a bag of meat
     3 | D        | Became a worshipper of Makhleb the Destroyer
     4 | D        | Noticed a bag of meat
     6 | D        | Noticed a meat berserker
    11 | D        | Killed a meat berserker
    11 | D        | Noticed a bag of meat
    12 | D        | Gained mutation: You are partially covered in sharp spines.
                  | [demonic ancestry]
    12 | D        | Reached XP level 2. HP: 39/39 MP: 1/11
    12 | D        | Reached XP level 3. HP: 45/45 MP: 1/12
    12 | D        | Gained mutation: You have sharp fingernails. [demonic
                  | ancestry]
    12 | D        | Reached XP level 4. HP: 52/52 MP: 1/14
    12 | D        | Gained mutation: You have very sharp fingernails. [demonic
                  | ancestry]
    12 | D        | Reached XP level 5. HP: 58/58 MP: 1/15
    12 | D        | Gained mutation: You are partially covered in large bone
                  | plates. (SH +4) [demonic ancestry]
    12 | D        | Reached XP level 6. HP: 65/65 MP: 1/17
    12 | D        | Reached XP level 7. HP: 71/71 MP: 1/18
    12 | D        | Gained mutation: A weak demonic guardian rushes to your
                  | aid. [demonic ancestry]
    12 | D        | Reached XP level 8. HP: 78/78 MP: 1/20
    12 | D        | Gained mutation: You are mostly covered in large bone
                  | plates. (SH +6) [demonic ancestry]
    12 | D        | Reached XP level 9. HP: 84/84 MP: 1/21
    12 | D        | Reached XP level 10. HP: 91/91 MP: 1/22
    12 | D        | Gained mutation: You are mostly covered in sharp spines.
                  | [demonic ancestry]
    12 | D        | Reached XP level 11. HP: 96/96 MP: 1/23
    12 | D        | Noticed a meat berserker
    14 | D        | Killed a bag of meat
    14 | D        | Reached * piety under Makhleb
    14 | D        | Noticed a meat berserker
    14 | D        | Noticed a meat berserker
    15 | D        | Reached XP level 12. HP: 106/106 MP: 1/24
    15 | D        | Noticed a meat berserker
    16 | D        | Killed a meat berserker
    17 | D        | Reached skill level 15 in Fighting
    17 | D        | Reached skill level 15 in Stealth
    17 | D        | Gained mutation: Your hexes are more powerful. [demonic
                  | ancestry]
    17 | D        | Reached XP level 13. HP: 55/116 MP: 2/26
    17 | D        | Killed a meat berserker
    17 | D        | Noticed a meat berserker
    18 | D        | Reached skill level 15 in Axes
    18 | D        | Reached skill level 15 in Armour
    18 | D        | Reached skill level 15 in Dodging
    18 | D        | Gained mutation: Your melee attacks may debilitate your
                  | foes. [demonic ancestry]
    18 | D        | Reached XP level 14. HP: 61/126 MP: 2/28
    19 | D        | Killed a meat berserker
    19 | D        | Reached ** piety under Makhleb
    19 | D        | Killed a meat berserker
    19 | D        | Noticed a bag of meat
    19 | D        | Noticed a destroyer
    20 | D        | Reached XP level 15. HP: 11/137 MP: 2/30
    20 | D        | Noticed a destroyer
    20 | D        | Killed a meat berserker
    20 | D        | Reached *** piety under Makhleb
    20 | D        | Noticed a meat berserker
    20 | D        | Noticed a meat berserker
    22 | D        | Killed a meat berserker
    22 | D        | Noticed a meat berserker
    22 | D        | Noticed a destroyer
    23 | D        | Reached XP level 16. HP: 72/150 MP: 3/32
    23 | D        | Killed a destroyer
    23 | D        | Killed a destroyer
    23 | D        | Reached **** piety under Makhleb
    23 | D        | Killed a destroyer
    23 | D        | Noticed a meat berserker
    23 | D        | Noticed a meat berserker
    24 | D        | Reached skill level 27 in Invocations
    24 | D        | Gained mutation: You have claws for hands. [demonic
                  | ancestry]
    24 | D        | Reached XP level 17. HP: 143/165 MP: 3/34
    24 | D        | Killed a meat berserker
    24 | D        | Reached ***** piety under Makhleb
    24 | D        | Noticed a meat berserker
    25 | D        | Noticed a meat berserker
    25 | D        | Noticed a destroyer
    25 | D        | Noticed a large bag of meat
    25 | D        | Noticed a meat berserker
    27 | D        | Killed a meat berserker
    27 | D        | Noticed a destroyer
    28 | D        | Reached XP level 18. HP: 179/179 MP: 4/35
    28 | D        | Killed a meat berserker
    28 | D        | Killed a meat berserker
    29 | D        | Reached skill level 27 in Fighting
    29 | D        | Reached skill level 27 in Stealth
    29 | D        | Killed a meat berserker
    29 | D        | Reached ****** piety under Makhleb
    30 | D        | Noticed a destroyer
    30 | D        | Noticed a meat berserker
    31 | D        | Killed a meat berserker
    31 | D        | Killed a destroyer
    31 | D        | Killed a meat berserker
    32 | D        | Reached skill level 27 in Axes
    32 | D        | Reached skill level 27 in Armour
    32 | D        | Reached skill level 27 in Dodging
    32 | D        | Reached XP level 19. HP: 189/189 MP: 5/36
    32 | D        | Killed a destroyer
    32 | D        | Killed a destroyer
    32 | D        | Noticed a meat berserker
    33 | D        | Gained mutation: A demonic guardian rushes to your aid.
                  | [demonic ancestry]
    33 | D        | Reached XP level 20. HP: 197/197 MP: 5/37
    33 | D        | Noticed a meat berserker
    34 | D        | Killed a large bag of meat
    34 | D        | Noticed a meat berserker
    34 | D        | Noticed a large bag of meat
    35 | D        | Noticed a destroyer
    35 | D        | Noticed a meat berserker
    35 | D        | Noticed a destroyer
    35 | D        | Noticed a large bag of meat
    36 | D        | Noticed a meat berserker
    36 | D        | Killed a meat berserker
    36 | D        | Noticed a meat berserker
    37 | D        | Reached skill level 27 in Shields
    37 | D        | Reached skill level 27 in Unarmed Combat
    37 | D        | Killed a destroyer
    38 | D        | Reached skill level 5 in Staves
    38 | D        | Reached skill level 5 in Ranged Weapons
    38 | D        | Reached skill level 5 in Air Magic
    38 | D        | Reached XP level 21. HP: 192/204 MP: 6/38
    38 | D        | Noticed The Servant
    38 | D        | Noticed a destroyer
    40 | D        | Reached skill level 10 in Necromancy
    40 | D        | Noticed a large bag of meat
    40 | D        | Noticed a destroyer
    41 | D        | Reached skill level 10 in Throwing
    41 | D        | Reached skill level 10 in Spellcasting
    41 | D        | Reached skill level 10 in Conjurations
    41 | D        | Reached skill level 10 in Hexes
    41 | D        | Reached skill level 10 in Summonings
    41 | D        | Reached skill level 10 in Translocations
    41 | D        | Reached skill level 10 in Transmutations
    41 | D        | Reached skill level 10 in Fire Magic
    41 | D        | Reached skill level 10 in Poison Magic
    41 | D        | Reached skill level 10 in Evocations
    41 | D        | Gained mutation: You are surrounded by an aura of silence.
                  | [demonic ancestry]
    41 | D        | Reached XP level 22. HP: 196/212 MP: 6/39
    43 | D        | Reached skill level 10 in Short Blades
    43 | D        | Reached skill level 10 in Long Blades
    43 | D        | Reached skill level 10 in Staves
    43 | D        | Reached skill level 10 in Ranged Weapons
    43 | D        | Reached skill level 10 in Ice Magic
    43 | D        | Reached skill level 10 in Air Magic
    43 | D        | Reached skill level 10 in Earth Magic
    43 | D        | Killed a large bag of meat
    43 | D        | Noticed a large bag of meat
    44 | D        | Killed a large bag of meat
    44 | D        | Killed a destroyer
    45 | D        | Reached skill level 15 in Necromancy
    46 | D        | Gained mutation: You are completely covered in large bone
                  | plates. (SH +8) [demonic ancestry]
    46 | D        | Reached XP level 23. HP: 176/219 MP: 7/40
    48 | D        | Reached skill level 15 in Conjurations
    48 | D        | Reached skill level 15 in Hexes
    48 | D        | Reached skill level 15 in Summonings
    48 | D        | Reached skill level 15 in Poison Magic
    48 | D        | Reached skill level 15 in Evocations
    49 | D        | Noticed a tyrant
    50 | D        | Killed a large bag of meat
    51 | D        | Reached skill level 15 in Short Blades
    51 | D        | Reached skill level 15 in Long Blades
    51 | D        | Reached skill level 15 in Staves
    51 | D        | Reached skill level 15 in Ranged Weapons
    51 | D        | Reached skill level 15 in Throwing
    51 | D        | Reached skill level 15 in Spellcasting
    51 | D        | Reached skill level 15 in Translocations
    51 | D        | Reached skill level 15 in Transmutations
    51 | D        | Reached skill level 15 in Fire Magic
    51 | D        | Reached skill level 15 in Ice Magic
    51 | D        | Reached skill level 15 in Air Magic
    51 | D        | Reached skill level 15 in Earth Magic
    51 | D        | Noticed a large bag of meat
    51 | D        | Noticed a destroyer
    52 | D        | Gained mutation: A powerful demonic guardian rushes to your
                  | aid. [demonic ancestry]
    52 | D        | Reached XP level 24. HP: 213/227 MP: 9/42
    52 | D        | Noticed a tyrant
    52 | D        | Killed a large bag of meat
    53 | D        | Killed a destroyer
    54 | D        | Noticed a tyrant
    55 | D        | Killed a destroyer
    55 | D        | Noticed an accursed
    55 | D        | Noticed a tyrant
    56 | D        | Killed a tyrant
    56 | D        | Noticed a tyrant
    57 | D        | Noticed a tyrant
    58 | D        | Noticed The Captor
    58 | D        | Killed The Servant
    58 | D        | Killed a tyrant
    59 | D        | Reached XP level 25. HP: 177/234 MP: 10/45
    59 | D        | Killed a destroyer
    59 | D        | Killed a tyrant
    60 | D        | Noticed a dread
    61 | D        | Killed a large bag of meat
    62 | D        | Gained mutation: You are completely covered in sharp
                  | spines. [demonic ancestry]
    62 | D        | Reached XP level 26. HP: 202/242 MP: 11/47
    63 | D        | Killed a tyrant
    63 | D        | Noticed a tyrant
    64 | D        | Killed a tyrant
    66 | D        | Killed an accursed
    67 | D        | Killed The Captor
    68 | D        | Reached XP level 27. HP: 126/249 MP: 12/50
    69 | D        | Killed a tyrant
    70 | D        | Reached skill level 27 in Necromancy
    70 | D        | Killed a tyrant
    72 | D        | Noticed a large bag of meat
    72 | D        | Noticed a dread
    72 | D        | HP: 10/249 [bag of meat/+9 war axe (5)]
    74 | D        | Killed a dread
    74 | D        | Killed from afar by a wretched soul

Illustrated notes

Levels and vault maps discovered:
D:        meatsprint

Skill      XL: |  1  2  3  4  5  6  7  8  9 10 11 12 13 14 15 16 17 18 19 20 21 22 23 24 25 26 27 |
---------------+----------------------------------------------------------------------------------+-----
Fighting       | 12 13 15 16 18 20 23 26 27 | 27.0
Axes           | 11 12 14 15 17 19 22 24 27 | 27.0
Armour         | 11 12 14 15 17 19 22 23 27 | 27.0
Dodging        | 11 12 14 15 17 19 22 24 27 | 27.0
Stealth        | 12 13 15 16 18 20 23 25 27 | 27.0
Invocations    | 16 17 19 20 23 25 27 | 27.0
Shields        | 18 24 27 | 27.0
Unarmed Combat | 18 24 27 | 27.0
Short Blades   | 6 9 13 15 18 20 23 | 23.8
Long Blades    | 6 9 13 15 18 20 23 | 23.8
Staves         | 5 9 13 15 18 20 22 23 | 23.7
Ranged Weapons | 5 9 13 15 18 20 22 23 | 23.6
Throwing       | 6 10 13 15 18 20 23 | 23.8
Spellcasting   | 6 10 13 15 18 20 23 | 23.8
Conjurations   | 6 10 14 16 20 21 24 25 | 25.5
Hexes          | 6 10 14 17 20 21 24 25 | 25.6
Summonings     | 6 10 14 17 20 21 24 25 | 25.6
Necromancy     | 7 11 15 18 21 23 26 27 | 27.0
Translocations | 6 10 13 15 18 20 22 23 | 23.6
Transmutations | 6 10 13 15 18 20 23 | 23.8
Fire Magic     | 6 10 13 15 18 20 23 | 23.8
Ice Magic      | 6 9 13 15 18 20 23 | 23.8
Air Magic      | 5 9 13 15 18 20 22 23 | 23.6
Earth Magic    | 6 9 13 15 18 20 22 23 | 23.6
Poison Magic   | 6 10 14 17 20 21 24 25 | 25.5
Evocations     | 6 10 14 17 20 21 24 25 | 25.5

Action                     |  1- 3 |  4- 6 |  7- 9 | 10-12 | 13-15 | 16-18 | 19-21 | 22-24 | 25-27 || total
---------------------------+-------+-------+-------+-------+-------+-------+-------+-------+-------++-------
  Melee: Executioner's axe |     1 |       |       |     2 |     4 |     7 |     7 |    15 |    13 ||    49
 Invoke: Greater Servant o |       |       |       |       |       |       |       |     2 |     1 ||     3
   Stab: Distracted        |       |       |       |       |       |       |       |     1 |       ||     1
 Armour: Leather armour    |       |       |       |       |       |       |       |       |     1 ||     1
  Dodge: Dodged            |       |       |       |       |       |       |       |     1 |     1 ||     2
  Block: Other             |       |       |       |       |       |     1 |       |     1 |     1 ||     3
